cohdb
Replays
Latest Replays
All Replays
Popular Replays
Top Player Replays
Match Explorer
How It Works
Community
CoH3 Stats
Reddit
Sign in to upload your games and track your stats! →
Sign in with Steam
Match 42400727
Unlisted
Match 42400727
Overview
Messages
Build Orders
End
Vickers Machine Gun Team
Construct Section Command Post
Selects Heavy Armor Battlegroup
Dingo Light Scout Car
Infantry Section
Infantry Section
Infantry Section
Selects Light Vehicle Withdraw and Refit
Construct Platoon Command Post
Humber Armored Car
Selects UNKNOWN (202330)
6-pounder Anti-tank Gun Team
6-pounder Anti-tank Gun Team
Construct Company Command Post
Crusader AA Medium Tank
Selects Recon Artillery
Selects Rigorous Vehicle Training
Selects Forward Repair Assembly
Crusader II Medium Tank
Infantry Section
Royal Engineer Section
Recon Artillery
6-pounder Anti-tank Gun Team
Crusader AA Medium Tank
6-pounder Anti-tank Gun Team
Swan
Trivolka
HulkSMASH
⚓️Ruby⚓
0
0
Comments
sign in to comment!
No comments posted yet!